UAA
FT. POLK SOUTH THUNDER HAWKS @ MERCER ISLAND SCREAMING EAGLES
07/22/2018
 
TOP OF THE 1ST
Ft. Polk South Thunder Hawks batting - Pitching for Mercer Island Screaming Eagles : LHP James Scott
Pitching: LHP James Scott
Batting: RHB Steven Grant 0-0: Ball
1-0: Foul Ball, location: 2F
1-1: Ball
2-1: DOUBLE (Groundball, 5L)
Batting: LHB Guomez Nabeiro 0-0: Ball
1-0: Swinging Strike
1-1: Ground out 1-3 (Groundball, 13)
Steven Grant to third
Batting: RHB Joe Murray 0-0: Called Strike
0-1: SINGLE (Line Drive, 8LS)
Steven Grant scores
Batting: RHB Orlando Jiménez 0-0: Called Strike
0-1: Ball
1-1: Ball
2-1: Grounds into double play, 4-6-3 (Groundball, 4)
Top of the 1st over - 1 run(s), 2 hit(s), 0 error(s), 0 left on base; Ft. Polk South 1 - Mercer Island 0
BOTTOM OF THE 1ST
Mercer Island Screaming Eagles batting - Pitching for Ft. Polk South Thunder Hawks : RHP Sergio Rentería
Pitching: RHP Sergio Rentería
Batting: SHB Mauro López 0-0: Bunted foul
0-1: Ball
1-1: Ball
2-1: Ball
3-1: Foul Ball, location: 2F
3-2: Foul Ball, location: 2F
3-2: DOUBLE (Flyball, 78XD) - OUT at third base trying to stretch hit.
Batting: SHB Stephen Yates 0-0: Ball
1-0: Ball
2-0: SINGLE (Groundball, 34S) (infield hit)
Batting: LHB Mike Russell 0-0: Fly out, F9 (Flyball, 89M)
Batting: RHB Paul Houston 0-0: Ball
1-0: Ground out 5-3 (Groundball, 5S)
Bottom of the 1st over - 0 run(s), 2 hit(s), 0 error(s), 1 left on base; Ft. Polk South 1 - Mercer Island 0
TOP OF THE 2ND
Ft. Polk South Thunder Hawks batting - Pitching for Mercer Island Screaming Eagles : LHP James Scott
Batting: LHB José Marín 0-0: Ball
1-0: Ground out 3-1 (Groundball, 34)
Batting: RHB Francisco Romero 0-0: Called Strike
0-1: Ball
1-1: Foul Ball, location: 2F
1-2: Ball
2-2: Ball
3-2: Strikes out swinging
Batting: SHB Ted Hansen 0-0: Called Strike
0-1: Called Strike
0-2: Ball
1-2: Ball
2-2: Ball
3-2: Base on Balls
Batting: SHB Tony Martínez 0-0: Ball
1-0: Ground out 6-3 (Groundball, 6)
Top of the 2nd over - 0 run(s), 0 hit(s), 0 error(s), 1 left on base; Ft. Polk South 1 - Mercer Island 0
BOTTOM OF THE 2ND
Mercer Island Screaming Eagles batting - Pitching for Ft. Polk South Thunder Hawks : RHP Sergio Rentería
Batting: RHB Scotty Anderson 0-0: Called Strike
0-1: Ball
1-1: SINGLE (Line Drive, 9S)
Batting: RHB Michael Montgomery 0-0: Fly out, F9 (Flyball, 89M)
Batting: LHB Gregg Young 0-0: Ball
1-0: Ball
2-0: Ball
3-0: Called Strike
3-1: Fielders Choice at 2nd, 6-4 (Groundball, 6M)
Batting: SHB Ray Davis 0-0: Ball
Wild Pitch!
Gregg Young to second
1-0: Called Strike
1-1: DOUBLE (Flyball, 89M)
Gregg Young scores
Batting: LHB Jeff Lee 0-0: Called Strike
0-1: Called Strike
0-2: Foul Ball, location: 2F
0-2: Strikes out swinging
Bottom of the 2nd over - 1 run(s), 2 hit(s), 0 error(s), 1 left on base; Ft. Polk South 1 - Mercer Island 1
TOP OF THE 3RD
Ft. Polk South Thunder Hawks batting - Pitching for Mercer Island Screaming Eagles : LHP James Scott
Batting: RHB José Sosa 0-0: Called Strike
0-1: Ground out 5-3 (Groundball, 5L)
Batting: RHB Steven Grant 0-0: Called Strike
0-1: Ball
1-1: Called Strike
1-2: Foul Ball, location: 2F
1-2: Ball
2-2: Ball
3-2: Foul Ball, location: 2F
3-2: Foul Ball, location: 2F
3-2: Ground out 6-3 (Groundball, 6)
Batting: LHB Guomez Nabeiro 0-0: Ball
1-0: Ball
2-0: Swinging Strike
2-1: Foul Ball, location: 2F
2-2: Ball
3-2: Base on Balls
Batting: RHB Joe Murray 0-0: Ball
1-0: Ball
2-0: Ball
3-0: Called Strike
3-1: Fly out, F8 (Flyball, 8LM)
Top of the 3rd over - 0 run(s), 0 hit(s), 0 error(s), 1 left on base; Ft. Polk South 1 - Mercer Island 1
BOTTOM OF THE 3RD
Mercer Island Screaming Eagles batting - Pitching for Ft. Polk South Thunder Hawks : RHP Sergio Rentería
Batting: SHB Mauro López 0-0: Called Strike
0-1: Foul Ball, location: 2F
0-2: SINGLE (Flyball, 78M)
Batting: SHB Stephen Yates 0-0: Called Strike
0-1: Fly out, F9 (Flyball, 89M)
Batting: LHB Mike Russell 0-0: Ball
1-0: Ball
2-0: Ball
Wild Pitch!
Mauro López to second
3-0: Base on Balls
Batting: RHB Paul Houston 0-0: Called Strike
Mauro López steals 3rd base
0-1: Ball
1-1: Ball
2-1: Called Strike
2-2: Foul Ball, location: 2F
2-2: Reached on Error, E7 (Flyball, 7M)
Mauro López scores
Mike Russell to second
Batting: RHB Scotty Anderson 0-0: Foul Ball, location: 2F
0-1: Fly out, F8 (Popup, 4MD)
Batting: RHB Michael Montgomery 0-0: DOUBLE (Flyball, 9LM)
Mike Russell scores
Paul Houston to third
Runner from 3rd tries for Home, throw and OUT!
Bottom of the 3rd over - 2 run(s), 2 hit(s), 1 error(s), 1 left on base; Ft. Polk South 1 - Mercer Island 3
TOP OF THE 4TH
Ft. Polk South Thunder Hawks batting - Pitching for Mercer Island Screaming Eagles : LHP James Scott
Batting: RHB Orlando Jiménez 0-0: Ball
1-0: Ball
2-0: Ground out 6-3 (Groundball, 6)
Batting: LHB José Marín 0-0: Ground out U3 (Groundball, 3L)
Batting: RHB Francisco Romero 0-0: Ball
1-0: Called Strike
1-1: Fly out, F8 (Flyball, 8LM)
Top of the 4th over - 0 run(s), 0 hit(s), 0 error(s), 0 left on base; Ft. Polk South 1 - Mercer Island 3
BOTTOM OF THE 4TH
Mercer Island Screaming Eagles batting - Pitching for Ft. Polk South Thunder Hawks : RHP Sergio Rentería
Batting: LHB Gregg Young 0-0: Ball
1-0: Foul Ball, location: 2F
1-1: Ball
2-1: Foul Ball, location: 2F
2-2: SINGLE (Groundball, 56D)
Batting: SHB Ray Davis 0-0: Swinging Strike
0-1: Ball
1-1: Fly out, F8 (Flyball, 8RM)
Batting: LHB Jeff Lee 0-0: Ball
1-0: Ball
2-0: Called Strike
2-1: Foul Ball, location: 2F
2-2: SINGLE (Groundball, 6MD)
Gregg Young to second
Batting: SHB Mauro López 0-0: Ball
1-0: Foul Ball, location: 2F
1-1: Ball
2-1: Foul Ball, location: 2F
2-2: Ball
3-2: TRIPLE (Groundball, 3L)
Gregg Young scores
Jeff Lee scores
Pitching: LHP Grant Woods
Batting: SHB Stephen Yates 0-0: Swinging Strike
0-1: Foul Ball, location: 2F
0-2: Strikes out looking
Batting: LHB Mike Russell 0-0: Ball
1-0: Foul Ball, location: 2F
1-1: Called Strike
1-2: Ball
2-2: Strikes out swinging
Bottom of the 4th over - 2 run(s), 3 hit(s), 0 error(s), 1 left on base; Ft. Polk South 1 - Mercer Island 5
TOP OF THE 5TH
Ft. Polk South Thunder Hawks batting - Pitching for Mercer Island Screaming Eagles : LHP James Scott
Batting: SHB Ted Hansen 0-0: Called Strike
0-1: Ball
1-1: Ball
2-1: Ball
3-1: Base on Balls
Batting: SHB Tony Martínez 0-0: Ball
1-0: Called Strike
1-1: Fielders Choice at 2nd, 1-4 (Groundball, 23)
Batting: RHB José Sosa 0-0: Ball
1-0: Fly out, F7 (Flyball, 78M)
Batting: RHB Steven Grant 0-0: Swinging Strike
0-1: Ball
1-1: Swinging Strike
1-2: Foul Ball, location: 2F
1-2: Strikes out swinging
Top of the 5th over - 0 run(s), 0 hit(s), 0 error(s), 1 left on base; Ft. Polk South 1 - Mercer Island 5
BOTTOM OF THE 5TH
Mercer Island Screaming Eagles batting - Pitching for Ft. Polk South Thunder Hawks : LHP Grant Woods
Batting: RHB Paul Houston 0-0: Called Strike
0-1: Foul Ball, location: 2F
0-2: Strikes out looking
Batting: RHB Scotty Anderson 0-0: Called Strike
0-1: Swinging Strike
0-2: Ball
1-2: Ball
2-2: Ball
3-2: Strikes out swinging
Batting: RHB Michael Montgomery 0-0: Called Strike
0-1: SINGLE (Flyball, 78S) - OUT at second base trying to stretch hit.
Bottom of the 5th over - 0 run(s), 1 hit(s), 0 error(s), 0 left on base; Ft. Polk South 1 - Mercer Island 5
TOP OF THE 6TH
Ft. Polk South Thunder Hawks batting - Pitching for Mercer Island Screaming Eagles : LHP James Scott
Batting: LHB Guomez Nabeiro 0-0: Fly out, F7 (Popup, 7LS)
Batting: RHB Joe Murray 0-0: Ground out 6-3 (Groundball, 6M)
Batting: RHB Orlando Jiménez 0-0: Ball
1-0: Ball
2-0: Ball
3-0: Base on Balls
Batting: LHB José Marín 0-0: Called Strike
0-1: Fly out, F9 (Flyball, 9M)
Top of the 6th over - 0 run(s), 0 hit(s), 0 error(s), 1 left on base; Ft. Polk South 1 - Mercer Island 5
BOTTOM OF THE 6TH
Mercer Island Screaming Eagles batting - Pitching for Ft. Polk South Thunder Hawks : LHP Grant Woods
Batting: LHB Gregg Young 0-0: Called Strike
0-1: Foul Ball, location: 2F
0-2: Strikes out swinging
Batting: SHB Ray Davis 0-0: Swinging Strike
0-1: Called Strike
0-2: DOUBLE (Flyball, 78M)
Batting: LHB Jeff Lee 0-0: Called Strike
0-1: Foul Ball, location: 2F
0-2: Ball
1-2: Foul Ball, location: 2F
1-2: Ground out U3 (Groundball, 3S)
Ray Davis to third
Batting: SHB Mauro López 0-0: Ball
1-0: 2-RUN HOME RUN (Flyball, 7D), Distance : 398 ft
Pitching: RHP Dean Hill
Batting: SHB Stephen Yates 0-0: Ball
1-0: Swinging Strike
1-1: Foul Ball, location: 2F
1-2: Strikes out swinging
Bottom of the 6th over - 2 run(s), 2 hit(s), 0 error(s), 0 left on base; Ft. Polk South 1 - Mercer Island 7
TOP OF THE 7TH
Ft. Polk South Thunder Hawks batting - Pitching for Mercer Island Screaming Eagles : LHP James Scott
Batting: RHB Francisco Romero 0-0: Ball
1-0: SINGLE (Line Drive, 7S)
Batting: SHB Ted Hansen 0-0: SINGLE (Groundball, 56)
Francisco Romero to second
Batting: SHB Tony Martínez 0-0: Called Strike
0-1: Foul Ball, location: 2F
0-2: Fielders Choice at 2nd, 3-6 (Groundball, 3)
Francisco Romero to third
Batting: RHB José Sosa 0-0: Called Strike
0-1: Ball
1-1: Swinging Strike
1-2: Strikes out swinging
Batting: RHB Steven Grant 0-0: Ball
1-0: Foul Ball, location: 2F
1-1: Ball
2-1: DOUBLE (Line Drive, 8LM)
Francisco Romero scores
Tony Martínez to third
Runner from 3rd tries for Home, SAFE, no throw or cutoff
Batting: LHB Guomez Nabeiro 0-0: Ball
1-0: Foul Ball, location: 2F
1-1: Ball
Wild Pitch!
Steven Grant to third
2-1: Swinging Strike
2-2: Ball
3-2: 2-RUN HOME RUN (Flyball, 9D), Distance : 386 ft
Batting: RHB Joe Murray 0-0: Ball
1-0: Foul Ball, location: 2F
1-1: Ground out 6-3 (Groundball, 6)
Top of the 7th over - 4 run(s), 4 hit(s), 0 error(s), 0 left on base; Ft. Polk South 5 - Mercer Island 7
BOTTOM OF THE 7TH
Mercer Island Screaming Eagles batting - Pitching for Ft. Polk South Thunder Hawks : RHP Dean Hill
Batting: LHB Mike Russell 0-0: Called Strike
0-1: Foul Ball, location: 2F
0-2: Strikes out swinging
Batting: RHB Paul Houston 0-0: Ball
1-0: Foul Ball, location: 2F
1-1: Swinging Strike
1-2: DOUBLE (Line Drive, 8RS)
Batting: RHB Scotty Anderson 0-0: Fly out, F3 (Popup, 3F)
Batting: RHB Michael Montgomery 0-0: Ball
1-0: SINGLE (Groundball, 6MD)
Paul Houston to third
Runner from 3rd tries for Home, SAFE, no throw or cutoff
Batting: LHB Gregg Young 0-0: Called Strike
Michael Montgomery steals 2nd base
0-1: Foul Ball, location: 2F
0-2: Foul Ball, location: 2F
0-2: Ball
1-2: Foul Ball, location: 2F
1-2: Ground out 4-3 (Groundball, 13)
Bottom of the 7th over - 1 run(s), 2 hit(s), 0 error(s), 1 left on base; Ft. Polk South 5 - Mercer Island 8
TOP OF THE 8TH
Ft. Polk South Thunder Hawks batting - Pitching for Mercer Island Screaming Eagles : LHP James Scott
Pitching: LHP Jim Unknown
Batting: RHB Orlando Jiménez 0-0: Ball
1-0: Fly out, F8 (Flyball, 8LXD)
Batting: LHB José Marín 0-0: Called Strike
0-1: Called Strike
0-2: Strikes out looking
Batting: RHB Francisco Romero 0-0: Ball
1-0: Foul Ball, location: 2F
1-1: Foul Ball, location: 2F
1-2: SINGLE (Line Drive, 89S)
Batting: SHB Ted Hansen 0-0: Ball
1-0: Ball
2-0: Called Strike
2-1: Ground out 1-3 (Groundball, 13S)
Top of the 8th over - 0 run(s), 1 hit(s), 0 error(s), 1 left on base; Ft. Polk South 5 - Mercer Island 8
BOTTOM OF THE 8TH
Mercer Island Screaming Eagles batting - Pitching for Ft. Polk South Thunder Hawks : RHP Dean Hill
Batting: SHB Ray Davis 0-0: Ball
1-0: Ball
2-0: SINGLE (Groundball, 4MD)
Batting: LHB Jeff Lee 0-0: Called Strike
0-1: Ground out U3 (Groundball, 3S)
Ray Davis to second
Batting: SHB Mauro López 0-0: Called Strike
0-1: Ball
1-1: Ball
2-1: Ball
3-1: Base on Balls
Batting: SHB Stephen Yates 0-0: Ball
1-0: Ball
2-0: Ball
3-0: Base on Balls
Ray Davis to third
Mauro López to second
Batting: LHB Mike Russell 0-0: Ball
1-0: Ball
2-0: Ball
3-0: Called Strike
3-1: Foul Ball, location: 2F
3-2: Strikes out swinging
Pinch Hitting: LHB Emery Miller 0-0: Ball
1-0: Ball
2-0: Ball
3-0: Base on Balls
Ray Davis scores
Mauro López to third
Stephen Yates to second
Pitching: RHP Tom Ford
Batting: RHB Scotty Anderson 0-0: Called Strike
0-1: Swinging Strike
0-2: Strikes out swinging
Bottom of the 8th over - 1 run(s), 1 hit(s), 0 error(s), 3 left on base; Ft. Polk South 5 - Mercer Island 9
TOP OF THE 9TH
Ft. Polk South Thunder Hawks batting - Pitching for Mercer Island Screaming Eagles : LHP Jim Unknown
Now in CF: Emery Miller
Batting: SHB Tony Martínez 0-0: Ball
1-0: Ball
2-0: Ball
3-0: Called Strike
3-1: Ground out 6-3 (Groundball, 6)
Batting: RHB José Sosa 0-0: Ball
1-0: Called Strike
1-1: Foul Ball, location: 2F
1-2: Foul Ball, location: 2F
1-2: Strikes out swinging
Batting: RHB Steven Grant 0-0: Hit by Pitch
Batting: LHB Guomez Nabeiro 0-0: Ball
1-0: Ball
2-0: Swinging Strike
2-1: Foul Ball, location: 2F
2-2: Strikes out swinging
Top of the 9th over - 0 run(s), 0 hit(s), 0 error(s), 1 left on base; Ft. Polk South 5 - Mercer Island 9
This league is powered by Out of the Park Baseball, the baseball management simulation game for PC, Mac and Linux
Monday, May 4th, 2015 - OOTP Baseball 15.6 Build 34